 Dungeon Crawl Stone Soup version 0.21.1-1-g345015f (webtiles) character file.

673 microfolk the Skirmisher (level 7, -3/67 HPs)
             Began as a Kobold Berserker on May 11, 2018.
             Was a Believer of Trog.
             Slain by Duvessa
             ... wielding a +4 short sword of venom
              (8 damage)
             ... on level 4 of the Dungeon.
             The game lasted 00:07:00 (4579 turns).

microfolk the Skirmisher (Kobold Berserker)         Turns: 4579, Time: 00:07:00

Health: -3/67      AC:  2    Str: 21    XL:     7   Next: 90%
Magic:  7/7        EV: 17    Int:  9    God:    Trog [**....]
Gold:   146        SH:  0    Dex: 14    Spells: 6/6 levels left

rFire    . . .     SeeInvis .   a - +0 short sword
rCold    . . .     Gourm    .   (shield restricted)
rNeg     . . .     Faith    .   e - -1 leather armour (curse)
rPois    .         Spirit   .   (no helmet)
rElec    .         Reflect  .   (no cloak)
rCorr    .         Harm     .   (no gloves)
MR       ++...                  (no boots)
Stlth    ..........             (no amulet)
HPRegen  1.21/turn              (no ring)
MPRegen  0.10/turn              (no ring)

@: berserking, lethally poisoned (-3 -> -38), regenerating, very quick
A: small, carnivore
a: Berserk, Trog's Hand, Burn Spellbooks, Renounce Religion


You were on level 4 of the Dungeon.
You worshipped Trog.
Trog was pleased with you.
You were very full.

You visited 1 branch of the dungeon, and saw 4 of its levels.

You collected 146 gold pieces.

Inventory:

Hand Weapons
 a - a +0 short sword (weapon)
 m - a +0 hunting sling
Missiles
 d - 53 stones (quivered)
 i - 26 bolts
 q - 68 sling bullets
Armour
 e - a cursed -1 leather armour (worn)
 j - a +0 chain mail
 k - a cursed -1 scale mail
 l - a cursed +0 leather armour
 s - a +0 buckler
 A - a +0 helmet
Scrolls
 f - a scroll of blinking {unknown}
 h - a scroll of immolation
 o - a scroll of fog {unknown}
 t - a scroll of teleportation
 w - a scroll of remove curse {unknown}
 y - a scroll of amnesia {unknown}
 z - a scroll of random uselessness {unknown}
Potions
 b - a potion of curing {unknown}
 g - 2 potions of haste
 n - a potion of lignification
 p - a potion of cancellation
 r - 2 potions of heal wounds {unknown}
 u - 2 potions of agility
 v - a potion of brilliance {unknown}
 x - a potion of ambrosia {unknown}
 C - a potion of invisibility {unknown}
Comestibles
 c - 7 rations
 B - 2 chunks of flesh


   Skills:
 + Level 5.9 Fighting
 - Level 4.0 Short Blades
 - Level 5.0 Throwing
 - Level 1.5 Armour
 + Level 5.9 Dodging


You had 6 spell levels left.
You didn't know any spells.

Dungeon Overview and Level Annotations

Branches:
Dungeon (4/15)
 Temple: D:4-7

Altars:
Qazlal
The Shining One

Annotations:
D:4 Duvessa


Innate Abilities, Weirdness & Mutations

You are small and have problems with some larger weapons.
You are carnivorous and can eat meat at any time.


Message History

You feel sick.
Duvessa hits you with a short sword of venom.
You are more poisoned.
You barely miss Duvessa.
Duvessa is severely wounded.
You feel sick.
Duvessa hits you with a short sword of venom!
You are lethally poisoned!
You completely miss Duvessa.
Duvessa is severely wounded.
You feel very sick.
Duvessa hits you with a short sword of venom!
* * * LOW HITPOINT WARNING * * *
You are more poisoned.
You puncture Duvessa!
Duvessa is severely wounded.
* * * LOW HITPOINT WARNING * * *
You feel very sick.
Duvessa hits you with a short sword of venom!
You die...

#.# ##....## .#....#
.... .... ###.#..##
#.$.# e.## #####
#.#.#####..# #...#
#...e@#....####.###
#####.#.##.##.....#
#.....##.##.###.#
######.###.##....###.#
............#####.#.#.#
#######.##..# #.......#
#.##..# #.###.###8..
#.##..# #)# #.# #..
#.##..###.# #.# 8$


You could see Duvessa (berserk).

Vanquished Creatures
  Grinder (D:3)
  Eustachio (D:4)
  A scorpion (D:3)
  Dowan (D:4)
  An orc wizard (D:4)
  A worker ant (D:4)
  5 gnolls
  4 adders
  3 worms
  3 dart slugs
  2 leopard geckos
  11 orcs
  A ball python (D:1)
  2 giant cockroaches (D:1)
  6 goblins
  15 hobgoblins
  2 quokkas (D:3)
  5 bats
  4 frilled lizards
  7 kobolds
  8 rats
84 creatures vanquished.

Notes
Turn   | Place    | Note
-------+----------+-------------------------------------------
     0 | D:1      | microfolk the Kobold Berserker began the quest for the Orb.
     0 | D:1      | Reached XP level 1. HP: 14/14 MP: 1/1
    73 | D:1      | Reached skill level 1 in Throwing
    73 | D:1      | Reached XP level 2. HP: 9/19 MP: 2/2
   643 | D:1      | Reached XP level 3. HP: 21/23 MP: 3/3
   896 | D:1      | Reached ** piety under Trog
  1159 | D:1      | Reached XP level 4. HP: 21/29 MP: 4/4
  2333 | D:2      | Reached XP level 5. HP: 33/33 MP: 5/5
  2487 | D:2      | Found a glowing golden altar of the Shining One.
  3012 | D:3      | Noticed Grinder
  3036 | D:3      | Killed Grinder
  3036 | D:3      | Reached XP level 6. HP: 39/39 MP: 6/6
  3121 | D:3      | Reached skill level 5 in Throwing
  3121 | D:3      | Reached XP level 7. HP: 44/44 MP: 7/7
  3694 | D:3      | Reached skill level 5 in Fighting
  4307 | D:4      | Reached skill level 5 in Dodging
  4358 | D:4      | Found a stormy altar of Qazlal.
  4373 | D:4      | Noticed Eustachio
  4390 | D:4      | Killed Eustachio
  4477 | D:4      | Noticed Dowan
  4499 | D:4      | Killed Dowan
  4568 | D:4      | Noticed Duvessa
  4579 | D:4      | Slain by Duvessa

Skill      XL: |  1  2  3  4  5  6  7 |
---------------+----------------------+-----
Throwing       | 1 2 3 4 5 |  5.0
Dodging        | 3 4 5 |  5.9
Fighting       | 4 5 |  5.9
Short Blades   | |  4.0
Armour         | |  1.5

Action                   |  1- 3 |  4- 6 |  7- 9 || total
-------------------------+-------+-------+-------++-------
Melee: Short sword       |   121 |   145 |   121 ||   387
Throw: Stone             |     6 |       |     1 ||     7
Invok: Berserk           |     3 |     8 |     6 ||    17
       Trog's Hand       |       |     2 |     4 ||     6
  Use: Scroll            |       |     7 |     1 ||     8
 Stab: Sleeping          |       |     3 |       ||     3
  Eat: Chunk             |    12 |    13 |    12 ||    37
Armor: Leather armour    |    26 |    11 |    10 ||    47
Dodge: Dodged            |   124 |    90 |    91 ||   305
